 Dungeon Crawl Stone Soup version 0.29-a0-520-gc852659 (webtiles) character file.

Game seed: 803471147015970948

12542 Toastz the Grappler (level 11, -3/115 HPs)
             Began as a Troll Cinder Acolyte on May 31, 2022.
             Was a Priest of Ignis.
             Slain by a two-headed ogre
             ... wielding a +0 giant spiked club
              (17 damage)
             ... on level 10 of the Dungeon.
             The game lasted 00:21:49 (8964 turns).

Toastz the Grappler (Troll Cinder Acolyte)          Turns: 8964, Time: 00:21:49

Health: -3/115     AC: 18    Str: 28    XL:     11   Next: 63%
Magic:  20/20      EV:  9    Int: 10    God:    Ignis [***...]
Gold:   1205       SH:  5    Dex:  5    Spells: 10/12 levels left

rFire   + . .      SeeInvis .     - Unarmed
rCold   . . .      Faith    .   (no shield)
rNeg    . . .      Spirit   .   o - +0 acid dragon scales
rPois   +          Reflect  +   x - +1 hat
rElec   .          Harm     .   t - +1 cloak {rPois}
rCorr   +          Rampage  .   (gloves unavailable)
Will    .....                   (boots unavailable)
Stlth   ..........              j - amulet of reflection
HPRegen 1.09/turn               E - ring of magical power
MPRegen 0.17/turn               (no ring)

@: fiery-armoured, slowed, very slow
A: large, unfitting armour, claws 3, regeneration 1, shaggy fur 1, tough skin 1
a: Renounce Religion, Fiery Armour, Foxfire Swarm, Rising Flame


You were on level 10 of the Dungeon.
You worshipped Ignis.
Ignis was most pleased with you.
You visited 2 branches of the dungeon, and saw 11 of its levels.
You also visited: Sewer and Bailey.

You collected 1205 gold pieces.

Inventory:

Missiles
 d - 27 boomerangs (quivered)
 h - 22 poisoned darts
 k - 3 javelins
 F - a curare-tipped dart
Armour
 o - +0 acid dragon scales (worn)
 t - a +1 cloak of poison resistance (worn)
 x - a +1 hat (worn)
Jewellery
 j - an amulet of reflection (around neck)
 B - an amulet of guardian spirit
 E - a ring of magical power (left claw)
Wands
 y - a wand of acid (1)
 z - a wand of charming (7)
Scrolls
 f - 8 scrolls of teleportation
 g - 3 scrolls of amnesia
 l - 3 scrolls of fog
 n - 4 scrolls of enchant weapon
 p - 3 scrolls of blinking
 q - 3 scrolls of summoning
 u - a scroll of vulnerability
 v - a scroll of immolation
 A - 2 scrolls of fear
 G - a scroll of magic mapping
 I - a scroll of enchant armour {unknown}
Potions
 a - a potion of haste {unknown}
 b - 2 potions of lignification
 c - 3 potions of attraction
 e - 8 potions of curing
 i - 5 potions of heal wounds
 m - 4 potions of flight
 r - a potion of mutation
 s - 2 potions of cancellation
 w - a potion of brilliance
 C - a potion of magic {unknown}
 D - a potion of berserk rage
 H - a potion of invisibility {unknown}


   Skills:
 + Level 9.1 Fighting
 + Level 2.7 Armour
 - Level 4.0 Dodging
 * Level 14.6 Unarmed Combat
 - Level 1.0 Spellcasting
 - Level 2.1 Fire Magic


You had 10 spell levels left.
You knew the following spells:

 Your Spells              Type           Power      Damage    Failure   Level
a - Scorch                Fire           8%         2d5       26%         2

Your spell library contained the following spells:

 Spells                   Type           Power      Damage    Failure   Level
 Summon Small Mammal      Summ           0%         N/A       38%         1
 Call Canine Familiar     Summ           0%         N/A       77%         3
 Stone Arrow              Conj/Erth      0%         3d7       77%         3
 Summon Guardian Golem    Hex/Summ       0%         N/A       77%         3
 Animate Armour           Summ/Erth      0%         N/A       99%         4
 Iskenderun's Battlesphe  Conj           0%         2d6       100%        5
 Iron Shot                Conj/Erth      0%         9d1       100%        6
 Spellforged Servitor     Conj/Summ      0%         N/A       100%        7
 Lehudib's Crystal Spear  Conj/Erth      0%         10d2      100%        8


Dungeon Overview and Level Annotations

Branches:
Dungeon (10/15)            Temple (1/1) D:7           Sewer (visited)
 Bailey (visited)
   Lair: D:8-11         Orc: D:9-12

Altars:
Ashenzari
Cheibriados
Dithmenos
Elyvilon
Fedhas
Gozag
Hepliaklqana
Kikubaaqudgha
Makhleb
Nemelex Xobeh
Okawaru
Qazlal
Ru
Sif Muna
Trog
Uskayaw
Vehumet
Wu Jian
Xom
Yredelemnul
Zin
The Shining One

Shops:
D:2 (


Innate Abilities, Weirdness & Mutations

You are too large for most types of armour.
You have claws for hands.
Your natural rate of healing is unusually fast.
You are covered in fur. (AC +1)
You have tough skin. (AC +1)


Message History

The seven-headed hydra grows two more!
You mangle the nine-headed hydra!!
The nine-headed hydra is almost dead.
The nine-headed hydra bites you. The nine-headed hydra bites you!
The nine-headed hydra bites you but does no damage.
The nine-headed hydra barely misses you.
The nine-headed hydra closely misses you.
The nine-headed hydra bites you but does no damage.
The nine-headed hydra bites you. x2
The nine-headed hydra bites you but does no damage.
You tear one of the nine-headed hydra's heads off!
The eight-headed hydra grows two more!
You scratch the ten-headed hydra.
The ten-headed hydra is almost dead.
You claw one of the ten-headed hydra's heads off!
The nine-headed hydra grows two more!
You mangle the 11-headed hydra!!
You kill the 11-headed hydra!
Okay, then.
You scratch the freezing wraith but do no damage.
The freezing wraith hits you but does no damage.
The freezing wraith closely misses you.
You mangle the freezing wraith!!
The freezing wraith is severely damaged.
You scratch the freezing wraith but do no damage.
The freezing wraith is severely damaged.
You block the freezing wraith's attack. The freezing wraith hits you.
The freezing wraith drains your vigour!
You feel yourself slow down.
You closely miss the freezing wraith.
The freezing wraith is severely damaged.
The freezing wraith barely misses you.
The freezing wraith hits you but does no damage.
You mangle the freezing wraith!!
You destroy the freezing wraith!
You mangle the two-headed ogre!!
The two-headed ogre is heavily wounded.
The two-headed ogre hits you with a +0 giant spiked club!!
* * * LOW HITPOINT WARNING * * *
The two-headed ogre hits you with a +0 giant club!
* * * LOW HITPOINT WARNING * * *
A protective cloak of flame settles atop you.
The two-headed ogre hits you with a +0 giant spiked club!
You die...

.......#####............#
.........†)..............
...^......)............ #
....###'##########....
...####.###########...
..####...# ####..
..#####.#### ##.
..##.##.##.##.##.# ..
#....@Ol......#
#.##.##.##.##$# #.##.####
###...# P..P.PP.. #######
PPP.PP.....####### ##
...PP...#...###### ##
....P...#......### ##
...PP..##......##### ##


You could see a two-headed ogre and a basilisk (corroded).

Vanquished Creatures
  A hydra (D:10)
  2 two-headed ogres (D:10)
  Nergalle (D:10)
  2 orc knights (Bailey)
  2 gargoyles
  A freezing wraith (D:10)
  A kobold demonologist (D:9)
  A slime creature (D:7)
  2 shadows
  18 yaks
  An acid dragon (D:10)
  3 water moccasins
  4 ice beasts
  3 black bears
  8 orc warriors
  2 centaurs
  2 ogres (D:4)
  A phantom (D:5)
  7 kobold brigands
  4 bullfrogs
  2 gnoll sergeants
  2 scorpions
  7 wights
  8 killer bees (D:8)
  2 electric eels
  11 jellies
  Crazy Yiuf (D:4)
  4 hounds
  An orc priest (D:3)
  2 gnoll shamans
  4 iguanas
  10 orc wizards
  16 gnolls
  5 adders
  A river rat (D:4)
  A shadow imp (D:8)
  2 ufetubi
  2 worms
  4 dart slugs
  28 orcs
  11 ball pythons
  4 bats
  18 endoplasms
  3 giant cockroaches
  7 goblins
  13 hobgoblins
  4 jackals (D:3)
  5 quokkas
  A frilled lizard (D:2)
  26 kobolds
  11 rats
282 creatures vanquished.

Vanquished Creatures (others)
  15 foxfires (D:10)
  31 fungi
  32 plants (D:10)
78 creatures vanquished.

Grand Total: 360 creatures vanquished

Notes
Turn   | Place    | Note
-------+----------+-------------------------------------------
     0 | D:1      | Toastz the Troll Cinder Acolyte began the quest for the
                  | Orb.
     0 | D:1      | Reached XP level 1. HP: 22/22 MP: 1/1
   204 | D:1      | Reached XP level 2. HP: 29/29 MP: 2/2
   507 | D:1      | Reached XP level 3. HP: 35/36 MP: 3/3
   806 | D:2      | Reached skill level 4 in Unarmed Combat
  1107 | D:2      | Found Zuerchoc's Antique Weapon Boutique.
  1484 | D:3      | Found a stormy altar of Qazlal.
  1893 | D:3      | Found a faded altar of an unknown god.
  1912 | D:3      | Reached XP level 4. HP: 44/45 MP: 4/4
  2125 | D:4      | Noticed an ogre
  2135 | D:4      | Killed an ogre
  2136 | D:4      | Reached skill level 5 in Unarmed Combat
  2136 | D:4      | Reached XP level 5. HP: 23/53 MP: 5/5
  2185 | D:4      | Found a glowing drain.
  2194 | D:4      | Reached skill level 1 in Dodging
  2213 | Sewer    | Entered a sewer
  2230 | Sewer    | Reached XP level 6. HP: 28/61 MP: 6/6
  2329 | Sewer    | Reached skill level 6 in Unarmed Combat
  2458 | Sewer    | Reached XP level 7. HP: 70/70 MP: 7/7
  2807 | D:4      | Identified the +8 mace of Toastz's Execution {freeze,
                  | Int+2}
  2809 | D:4      | Found a runed translucent door.
  2810 | D:4      | Noticed Crazy Yiuf
  2820 | D:4      | Identified the +5 mace "Kuodirea" {vorpal, Will+ Int+2}
  2958 | D:4      | Learned a level 2 spell: Scorch
  3035 | D:4      | Reached skill level 7 in Unarmed Combat
  3583 | D:4      | Killed Crazy Yiuf
  3668 | D:5      | Entered Level 5 of the Dungeon
  3748 | D:5      | Reached XP level 8. HP: 72/79 MP: 8/8
  3800 | D:5      | Reached skill level 5 in Fighting
  3800 | D:5      | Reached skill level 8 in Unarmed Combat
  4472 | D:6      | Reached skill level 9 in Unarmed Combat
  4619 | D:6      | Reached XP level 9. HP: 78/89 MP: 9/9
  4940 | D:7      | Found a staircase to the Ecumenical Temple.
  4953 | Temple   | Entered the Ecumenical Temple
  5345 | D:7      | Reached skill level 10 in Unarmed Combat
  5483 | D:7      | Noticed a gargoyle
  5494 | D:7      | Killed a gargoyle
  5798 | D:8      | Found a flagged portal.
  5807 | Bailey   | Entered a bailey
  5827 | Bailey   | Noticed an orc knight
  5858 | Bailey   | Killed an orc knight
  5859 | Bailey   | Reached skill level 11 in Unarmed Combat
  5939 | Bailey   | Reached XP level 10. HP: 95/102 MP: 10/10
  5940 | Bailey   | Noticed an orc knight
  5953 | Bailey   | Killed an orc knight
  6355 | D:8      | Found a shadowy altar of Dithmenos.
  6646 | D:8      | Reached skill level 12 in Unarmed Combat
  6871 | D:8      | Identified the +10 battleaxe "Voaqedd" {speed, *Rage +Blink
                  | Str+6 SInv}
  7462 | D:9      | Found a shimmering blue altar of Sif Muna.
  7484 | D:9      | Found a glowing silver altar of Zin.
  7592 | D:9      | Reached skill level 13 in Unarmed Combat
  8267 | D:10     | Entered Level 10 of the Dungeon
  8277 | D:10     | Reached XP level 11. HP: 102/113 MP: 11/11
  8722 | D:10     | Noticed Nergalle
  8766 | D:10     | Killed Nergalle
  8767 | D:10     | Reached skill level 1 in Armour
  8767 | D:10     | Reached skill level 14 in Unarmed Combat
  8799 | D:10     | Noticed a two-headed ogre
  8806 | D:10     | Noticed a two-headed ogre
  8818 | D:10     | Killed a two-headed ogre
  8823 | D:10     | Killed a two-headed ogre
  8944 | D:10     | Noticed a seven-headed hydra
  8953 | D:10     | Noticed a two-headed ogre
  8957 | D:10     | Killed an 11-headed hydra
  8964 | D:10     | Slain by a two-headed ogre

Illustrated notes

Levels and vault maps discovered:
D:1:      onia_arrival_mini_maze_b, layout_loops_ring,
          hangedman_decor_slide_cut, minivault_26
D:2:      layout_loops_ring, serial_shops, shop_fountains,
          kennysheep_generic_room_10
D:3:      layout_basic, nicolae_qazlal_eye_of_the_storm,
          shapermc_ecumenical_altar_mp_vishouse
D:4:      layout_loops_corners, portal_sewer_entry_b,
          kennysheep_decorative_pillar, uniq_crazy_yiuf_cottage
D:5:      layout_cave_pools, hangedman_decor_riveting
D:6:      layout_basic, hangedman_abyss_or_decor_passed
D:7:      layout_cave_pools, temple_doors_cd, serial_bayou, serial_bayou_pond_d,
          serial_bayou_pond_a, serial_bayou_pond_d, serial_bayou_shore_b
D:8:      lemuel_slime, layout_gridville, nicolae_dithmenos_the_darkroom,
          enter_bailey_2
D:9:      layout_basic, nicolae_overflow_squiral
D:10:     hangedman_cross_veins, layout_irregular_city,
          due_lair_maze_entry_diamond, serial_column_ruins,
          column_ruins_temple_hut, column_ruins_columns_straight,
          column_ruins_open_tiny, column_ruins_columns_corner,
          column_ruins_open_medium_water, uniq_nergalle
Temple:   dpeg_five_rooms_temple

Skill      XL: |  1  2  3  4  5  6  7  8  9 10 11 |
---------------+----------------------------------+-----
Unarmed Combat | 4 5 6 7 9 11 13 14 | 14.6
Fighting       | 3 4 5 7 8 9 |  9.1
Dodging        | 1 2 3 4 |  4.0
Armour         | 2 |  2.7
Spellcasting   | |  1.0
Fire Magic     | |  2.1

Action                   |  1- 3 |  4- 6 |  7- 9 | 10-12 || total
-------------------------+-------+-------+-------+-------++-------
Melee: Unarmed           |   114 |    98 |   263 |   312 ||   787
       Punch             |       |     1 |     5 |    22 ||    28
Throw: Boomerang         |       |     1 |    10 |    12 ||    23
 Cast: Scorch            |       |       |     8 |       ||     8
Invok: Fiery Armour      |       |       |     2 |     2 ||     4
       Foxfire Swarm     |       |       |       |     2 ||     2
Evoke: Wand              |       |       |     2 |     2 ||     4
  Use: Scroll            |     6 |     2 |    11 |     3 ||    22
       Potion            |       |       |       |     1 ||     1
Armor: Robe              |    30 |    22 |   103 |    66 ||   221
       Acid dragon scale |       |       |       |    36 ||    36
Dodge: Dodged            |    53 |    33 |   116 |   153 ||   355
Block: Other             |     9 |    15 |    47 |    75 ||   146
       Reflection        |       |       |     6 |     5 ||    11

Table legend: (Time is in decaauts)
 A = Elapsed time spent in this place.
 B = Non-inter-level travel time spent in this place.
 C = Inter-level travel time spent in this place.
 D = Time resting spent in this place.
 E = Time spent auto-exploring this place.
 F = Levels seen in this place.
 G = Mean time per level.
                   A        B        C        D        E       F      G
               +--------+--------+--------+--------+--------+-----+--------+
         Total |   8925 |   8391 |    534 |    367 |   6008 |  13 |  686.5 |
       Dungeon |   7999 |   7513 |    486 |    340 |   5522 |  10 |  799.9 |
        Temple |    260 |    212 |     48 |      0 |    201 |   1 |  260.0 |
         Sewer |    370 |    370 |      0 |     27 |    186 |   1 |  370.0 |
        Bailey |    294 |    294 |      0 |      0 |     99 |   1 |  294.0 |
               +--------+--------+--------+--------+--------+-----+--------+

Top non-repeatable levels by time:
     D:4: 1343 daAuts
     D:8: 1111 daAuts
     D:9: 1023 daAuts
     D:7: 876 daAuts
     D:1: 749 daAuts
     D:2: 691 daAuts
     D:3: 639 daAuts
    D:10: 552 daAuts
     D:6: 549 daAuts
     D:5: 462 daAuts
   Sewer: 370 daAuts
  Bailey: 294 daAuts
  Temple: 260 daAuts
